 Seeded DCSS version 0.28-a0-1567-g1695149f81 (webtiles) character file.

Game seed: 137 (custom seed)

770 knot the Cleaver (level 7, -6/52 HPs)
             Began as a Demonspawn Berserker on Jan 20, 2022.
             Was a Believer of Trog.
             Killed by nerve-wracking pain
             ... invoked by an orc priest
              (14 damage)
             ... on level 5 of the Dungeon.
             The game lasted 00:03:39 (5019 turns).

knot the Cleaver (Demonspawn Berserker)             Turns: 5019, Time: 00:03:40

Health: -6/52      AC:  2    Str: 17    XL:     7   Next: 52%
Magic:  7/7        EV: 12    Int: 11    God:    Trog [**....]
Gold:   90         SH:  0    Dex: 12    Spells: 6/6 levels left

rFire   . . .      SeeInvis .   a - +0 hand axe
rCold   . . .      Faith    .   (no shield)
rNeg    . . .      Spirit   .   b - +0 animal skin
rPois   .          Reflect  .   (no helmet)
rElec   .          Harm     .   (no cloak)
rCorr   .          Rampage  .   (gloves unavailable)
Will    .....                   (no boots)
Stlth   +.........              (no amulet)
HPRegen 0.17/turn               (no ring)
MPRegen 0.10/turn               (no ring)

@: on berserk cooldown, slowed, very slow
A: powered by death 1, demonic touch 3
a: Renounce Religion, Berserk, Trog's Hand


You were on level 5 of the Dungeon.
You worshipped Trog.
Trog was pleased with you.
You visited 1 branch of the dungeon, and saw 5 of its levels.

You collected 90 gold pieces.

Inventory:

Hand Weapons
 a - a +0 hand axe (weapon)
Missiles
 d - 6 boomerangs (quivered)
 i - 58 sling bullets
 j - 75 stones
 q - 6 poisoned darts
Armour
 b - a +0 animal skin (worn)
Jewellery
 c - a +6 ring of strength
Scrolls
 f - a scroll of immolation {unknown}
 g - a scroll of fear {unknown}
 h - a scroll of summoning {unknown}
 k - a scroll of teleportation {unknown}
 l - a scroll of enchant armour {unknown}
 m - 3 scrolls of identify {unknown}
 t - 2 scrolls of fog {unknown}
 u - a scroll of magic mapping {unknown}
Potions
 e - a potion of degeneration {unknown}
 n - a potion of might {unknown}
 p - a potion of invisibility {unknown}
 r - a potion of resistance {unknown}
 s - a potion of magic {unknown}


   Skills:
 - Level 3.0 Fighting
 + Level 8.2 Axes
 - Level 1.7 Armour
 - Level 1.7 Dodging


You had 6 spell levels left.
You didn't know any spells.
Your spell library contained the following spells:

 Spells                   Type           Power      Damage    Failure   Level
 Call Canine Familiar     Summ           0%         N/A       71%         3
 Portal Projectile        Hex/Tloc       0%         N/A       71%         3
 Leda's Liquefaction      Hex/Erth       0%         N/A       98%         4


Dungeon Overview and Level Annotations

Branches:
Dungeon (5/15)             Temple (0/1) D:4

Altars:
Hepliaklqana
Makhleb
Yredelemnul
The Shining One

Shops:
D:3 ::*[(

Annotations:
D:4 2 transporters


Innate Abilities, Weirdness & Mutations

You regenerate a little health from kills.
Your touch may irresistibly damage your foes and sap their willpower.


Message History

* * * LOW HITPOINT WARNING * * *
You barely miss something. You closely miss something.
Your touch misses something. Something hits you.
* * * LOW HITPOINT WARNING * * *
You barely miss something. Something hits you but does no damage.
You hit something. Trog accepts your kill.
Trog appreciates your killing of a magic user.
Reactivating autopickup.
You feel a bit more experienced.
You slash the orc!
You kill the orc!
Trog accepts your kill.
You are no longer berserk.
You are exhausted.
You feel yourself slow down.
The orc priest hits you with a +0 short sword.
* * * LOW HITPOINT WARNING * * *
Items here: ))) [[ †††.
You closely miss the orc priest. Your touch misses the orc priest.
The orc priest closely misses you.
You barely miss the orc priest. Your touch misses the orc priest.
The orc priest looks satisfied for a moment.
You hit the orc priest.
The orc priest is lightly wounded.
The orc priest calls down the wrath of Beogh upon you.
Pain shoots through your body!
* * * LOW HITPOINT WARNING * * *
The orc priest hits you with a +0 short sword.
* * * LOW HITPOINT WARNING * * *
It was a potion of curing.
You feel better.
The orc priest calls down the wrath of Beogh upon you.
Pain shoots through your body!
* * * LOW HITPOINT WARNING * * *
Okay, then.
Okay, then.
You feel better.
The orc priest invokes the aid of Beogh against you.
Pain shoots through your body!
You die...

### ..# #.#
#.################
#####.........@o.....#
#......#####.#######.#
.##..^...# #.#####
.(.......# #.....#
.......#.# #.###.#
#####.##.#####.###.##
#.##.......##...##.#
#.########.........#
##'## ####...####


You could see an orc priest.

Vanquished Creatures
  Grinder (D:5)
  A steam dragon (D:4)
  A necrophage (D:4)
  A scorpion (D:4)
  A howler monkey (D:4)
  A jelly (D:4)
  A bullfrog skeleton (D:4)
  2 iguanas (D:4)
  2 orc wizards (D:5)
  A hound skeleton (D:4)
  An adder (D:3)
  An adder skeleton (D:4)
  3 worms
  3 dart slugs
  10 orcs
  5 ball pythons
  7 endoplasms
  2 giant cockroaches
  9 goblins
  8 hobgoblins
  10 jackals (D:4)
  5 kobolds
  2 bats (D:1)
  3 frilled lizards (D:3)
  2 rats
83 creatures vanquished.

Vanquished Creatures (others)
  2 plants (D:4)
2 creatures vanquished.

Grand Total: 85 creatures vanquished

Notes
Turn   | Place    | Note
-------+----------+-------------------------------------------
     0 | D:1      | knot the Demonspawn Berserker began the quest for the Orb.
     0 | D:1      | Reached XP level 1. HP: 18/18 MP: 1/1
   205 | D:1      | Reached skill level 3 in Axes
   216 | D:1      | Discovered your monstrous ancestry.
   216 | D:1      | Gained mutation: Your touch may inflict minor irresistible
                  | damage on your foes. [demonic ancestry]
   216 | D:1      | Reached XP level 2. HP: 14/24 MP: 2/2
   858 | D:2      | Found a burning altar of Makhleb.
  1030 | D:2      | Found a faded altar of an unknown god.
  1537 | D:3      | Reached XP level 3. HP: 15/29 MP: 3/3
  1696 | D:3      | Found Azufis's Book Shoppe.
  1744 | D:3      | Found Miuh's Book Emporium.
  1749 | D:3      | Reached skill level 4 in Axes
  1850 | D:3      | Found Noucoij's Armour Boutique.
  1854 | D:3      | Found Soilefi's Weapon Shop.
  2025 | D:3      | Reached ** piety under Trog
  2031 | D:3      | Found Mybot's General Store.
  2039 | D:3      | Identified the +3 ring mail "Xedghafru" {Harm rC+++ Str-2
                  | Int+3}
  2305 | D:3      | Found a hazy altar of Hepliaklqana.
  2320 | D:3      | Gained mutation: Your touch may inflict irresistible damage
                  | on your foes. [demonic ancestry]
  2320 | D:3      | Reached XP level 4. HP: 21/35 MP: 4/4
  2727 | D:4      | Noticed a necrophage
  2738 | D:4      | Killed a necrophage
  2739 | D:4      | Reached skill level 5 in Axes
  2739 | D:4      | Reached XP level 5. HP: 32/41 MP: 5/5
  2993 | D:4      | Found a transporter.
  3299 | D:4      | Reached skill level 6 in Axes
  3534 | D:4      | Gained mutation: You regenerate a little health from kills.
                  | [demonic ancestry]
  3534 | D:4      | Reached XP level 6. HP: 32/47 MP: 6/6
  3710 | D:4      | HP: 2/47 [poisoned by a scorpion]
  3879 | D:4      | Found a staircase to the Ecumenical Temple.
  4105 | D:4      | Found a transporter.
  4144 | D:4      | Found a basalt altar of Yredelemnul.
  4297 | D:4      | Noticed a steam dragon
  4306 | D:4      | Killed a steam dragon
  4307 | D:4      | Reached skill level 7 in Axes
  4307 | D:4      | Gained mutation: Your touch may irresistibly damage your
                  | foes and sap their willpower. [demonic ancestry]
  4307 | D:4      | Reached XP level 7. HP: 15/52 MP: 7/7
  4308 | D:4      | HP: 3/78 [iguana (13)]
  4713 | D:5      | Entered Level 5 of the Dungeon
  4749 | D:5      | Noticed Grinder
  4761 | D:5      | Paralysed by Grinder for 7 turns
  4770 | D:5      | Killed Grinder
  4771 | D:5      | Reached skill level 8 in Axes
  5017 | D:5      | HP: 1/52 [orc priest (6)]
  5019 | D:5      | Killed from afar by an orc priest

Illustrated notes

Levels and vault maps discovered:
D:1:      tarquinn_simple_flora_water_b, layout_rooms
D:2:      layout_basic, shapermc_ecumenical_altar_mp_ritualfount, basic_altar,
          minmay_pentomino_q2, uniq_crazy_yiuf_cottage
D:3:      layout_basic, lemuel_crystal_altar, serial_shops, nicolae_square_shop,
          nicolae_shop_stone, nicolae_shop_waterfront, shop, shop,
          hex_intersection
D:4:      gammafunk_steamed_eel, layout_rooms,
          mainiacjoe_overflow_cross_hatched, mainiacjoe_overflow_chevrons,
          temple_statues
D:5:      minmay_diamond_boxcup, layout_loops_corners, elyvilon_altar_4,
          general_overflow_altar, uniq_grinder

Skill      XL: |  1  2  3  4  5  6  7 |
---------------+----------------------+-----
Axes           | 3 4 5 6 7 8 |  8.2
Fighting       | |  3.0
Armour         | |  1.7
Dodging        | |  1.7

Action                   |  1- 3 |  4- 6 |  7- 9 || total
-------------------------+-------+-------+-------++-------
Melee: Hand axe          |   102 |    88 |    38 ||   228
       Touch             |    22 |    17 |     5 ||    44
       Punch             |     1 |     3 |     1 ||     5
Invok: Berserk           |       |     6 |     2 ||     8
       Trog's Hand       |       |     1 |       ||     1
  Use: Potion            |       |       |     2 ||     2
 Stab: Sleeping          |     2 |       |       ||     2
Armor: Animal skin       |    14 |    12 |     2 ||    28
Dodge: Dodged            |    53 |    57 |     7 ||   117

Table legend: (Time is in decaauts)
 A = Elapsed time spent in this place.
 B = Non-inter-level travel time spent in this place.
 C = Inter-level travel time spent in this place.
 D = Time resting spent in this place.
 E = Time spent auto-exploring this place.
 F = Levels seen in this place.
 G = Mean time per level.
                   A        B        C        D        E       F      G
               +--------+--------+--------+--------+--------+-----+--------+
         Total |   5089 |   5012 |     77 |   1652 |   2844 |   5 | 1017.8 |
       Dungeon |   5089 |   5012 |     77 |   1652 |   2844 |   5 | 1017.8 |
               +--------+--------+--------+--------+--------+-----+--------+

Top non-repeatable levels by time:
     D:4: 1882 daAuts
     D:3: 1386 daAuts
     D:1: 762 daAuts
     D:2: 753 daAuts
     D:5: 305 daAuts
